 Dungeon Crawl Stone Soup version 0.31-a0-229-g1fc7ce93e2 (webtiles) character file.

Game seed: 17062764865706660355

78 qw the Shooter (level 4, 0/26 HPs)
             Began as a Gargoyle Hexslinger on July 6, 2023.
             Slain by a rat (2 damage)
             ... on level 3 of the Dungeon.
             The game lasted 00:00:36 (1375 turns).

qw the Shooter (Gargoyle Hexslinger)                Turns: 1375, Time: 00:00:37

Health: 0/26       AC:  6    Str: 12    XL:     4   Next: 36%
Magic:  5/5        EV: 11    Int: 13    God:
Gold:   90         SH:  0    Dex: 14    Spells: 4/5 levels left

rFire   . . .        Y - +1 sling (freeze)
rCold   . . .        (no shield)
rNeg    + . .        d - +0 leather armour
rPois   inf          (no helmet)
rElec   +            (no cloak)
rCorr   .            (no gloves)
SInv    .            (no boots)
Will    .....        (no amulet)
Stlth   +            (no ring)
HPRegen 0.24/turn    (no ring)
MPRegen 0.09/turn

%: no passive effects
@: no status effects
A: sickness immunity, AC +3, negative energy resistance 1, electricity
resistance, torment resistance 1, petrification resistance
a: no special abilities


You were on level 3 of the Dungeon.
You visited 1 branch of the dungeon, and saw 3 of its levels.

You collected 90 gold pieces.


Innate Abilities, Weirdness & Mutations

You are immune to sickness and miasma.
Your stone body is resilient. (AC +3)
You are immune to poison.
You resist negative energy. (rN+)
You are resistant to electric shocks. (rElec)
You are resistant to unholy torment.
You are immune to petrification.


   Skills:
 - Level 2.0 Fighting
 + Level 4.1 Ranged Weapons
 - Level 1.5 Dodging
 - Level 1.0 Spellcasting
 - Level 2.6 Hexes


You had 4 spell levels left.
You knew the following spells:

 Your Spells              Type           Power      Damage    Failure   Level
a - Slow                  Hex            28%        N/A       12%         1

Your spell library contained the following spells:

 Spells                   Type           Power      Damage    Failure   Level
 Inner Flame              Hex/Fire       4%         N/A       52%         3
 Portal Projectile        Hex/Tloc       8%         N/A       52%         3
 Cause Fear               Hex            3%         N/A       75%         4

Inventory:

Hand Weapons
 Y - a +1 sling of freezing (weapon)
Armour
 c - a +0 ring mail
 d - a +0 leather armour (worn)
Scrolls
 g - 2 scrolls of identify
Potions
 a - a potion of heal wounds {unknown}
 b - a potion of resistance
 e - a potion of degeneration {unknown}
 f - a potion of cancellation {unknown}
 h - a potion of magic {unknown}

Dungeon Overview and Level Annotations

Branches:
Dungeon (3/15)

Altars:


Message History

Enter note:
Enter note:
Enter note:
Enter note: You shoot a sling bullet.
The sling bullet hits the orc priest but does no damage.
A goblin comes into view. It is wielding a +0 club.
You shoot a sling bullet.
The sling bullet closely misses the orc priest.
The orc priest closely misses you.
The orc priest invokes the aid of Beogh against you.
Pain shoots through your body!
You shoot a sling bullet.
The sling bullet closely misses the orc priest.
The orc priest invokes the aid of Beogh against you.
You barely resist. You shoot a sling bullet.
The sling bullet hits the orc priest.
The sling bullet freezes the orc priest.
The orc priest is heavily wounded.
The orc priest mumbles some strange prayers to Beogh against you.
Pain shoots through your body! The rat barely misses you.
You shoot a sling bullet.
The sling bullet barely misses the orc priest.
The orc priest mumbles some strange prayers to Beogh against you.
Pain shoots through your body! The rat bites you.
You shoot a sling bullet.
The sling bullet barely misses the orc priest.
The orc priest hits you with a +0 club. The rat bites you but does no damage.
The orc priest closely misses you. The rat bites you but does no damage.
You shoot a sling bullet. The sling bullet hits the orc priest.
The sling bullet freezes the orc priest.
The orc priest is severely wounded.
The orc priest hits you but does no damage.
The rat twitches its whiskers.
The rat bites you. The goblin hits you with a +0 club.
You shoot a sling bullet. The sling bullet hits the orc priest.
The sling bullet freezes the orc priest.
The orc priest is almost dead.
The orc priest hits you with a +0 club. The rat bites you.
You die...

.. #. .. #.###
.....<... #...##
..........
#$(..##.).>......
#..........).....
#..gr............
#..@o### .....#
#......###...#
#.####....)# #.
####..####### .
#. #......... .
.[#### #..######.
.## ...###.##
##### .. #.##..#
#....
#.####....##
#....


You could see an orc priest, a goblin and a rat.

Vanquished Creatures
  2 adders
  A dart slug (D:2)
  4 orcs
  4 endoplasms
  2 giant cockroaches (D:2)
  3 goblins (D:2)
  7 hobgoblins
  4 jackals (D:2)
  3 quokkas
  5 ball pythons (D:2)
  7 bats
  2 frilled lizards (D:2)
  2 kobolds (D:1)
  5 rats
51 creatures vanquished.

Notes
Turn   | Place    | Note
-------+----------+-------------------------------------------
     0 | D:1      | qw the Gargoyle Hexslinger began the quest for the Orb.
     0 | D:1      | Reached XP level 1. HP: 12/12 MP: 2/2
     0 | D:1      | 0 ||| qw: Version: 0.3-a-46-gb1f654a
     0 | D:1      | 0 ||| qw: Game counter: 1632
     0 | D:1      | 0 ||| qw: Melee chars always use a shield: true
     0 | D:1      | 0 ||| qw: God list: Okawaru
     0 | D:1      | 0 ||| qw: Allow faded altars: false
     0 | D:1      | 0 ||| qw: Do Orc after clearing Dungeon:15 true
     0 | D:1      | 0 ||| qw: Do second Lair branch before Depths: true
     0 | D:1      | 0 ||| qw: Lair rune preference: random
     0 | D:1      | 0 ||| qw: Goals: Normal
     0 | D:1      | 0 ||| PLANNING D:1-11
   616 | D:1      | 616 ||| READING scroll labelled HEECSOI PAUSKY.
   617 | D:1      | 617 ||| READING 2 scrolls labelled AVEMESIXA.
   618 | D:1      | 618 ||| READING scroll labelled POCATA BIELYPN.
   619 | D:1      | 619 ||| READING 2 scrolls labelled HAKAYCIUSCH.
   620 | D:1      | 620 ||| READING scroll labelled PEUS FETZYATA.
   621 | D:1      | 621 ||| READING scroll labelled ANELAE VICRITO.
   622 | D:1      | 622 ||| DROPPING scroll of poison.
   623 | D:1      | 623 ||| DROPPING scroll of immolation.
   681 | D:2      | Reached XP level 2. HP: 16/16 MP: 3/3
   725 | D:2      | Reached skill level 3 in Ranged Weapons
   737 | D:2      | Reached XP level 3. HP: 21/21 MP: 4/4
  1069 | D:2      | 1069 ||| UPGRADING to +0 leather armour.
  1079 | D:2      | 1079 ||| DROPPING +0 robe.
  1080 | D:2      | 1080 ||| DROPPING ring of magical power.
  1081 | D:2      | 1081 ||| READING scroll labelled CYUJURU AVAI.
  1082 | D:2      | 1082 ||| DRINKING 2 murky green potions.
  1236 | D:3      | Reached XP level 4. HP: 26/26 MP: 5/5
  1291 | D:3      | Reached skill level 4 in Ranged Weapons
  1374 | D:3      | HP: 5/26 [goblin/+0 club (3)]
  1375 | D:3      | HP: 2/26 [orc priest/+0 club (4)]
  1375 | D:3      | Slain by a rat

Levels and vault maps discovered:
D:1:      kennysheep_arrival_seaside, layout_basic
D:2:      layout_rooms
D:3:      layout_rooms, kennysheep_generic_room_7

Skill      XL: |  1  2  3  4 |
---------------+-------------+-----
Ranged Weapons | 3 4 |  4.1
Fighting       | 2 |  2.0
Dodging        | |  1.5
Spellcasting   | |  1.0
Hexes          | |  2.6

Action                     |  1- 3 |  4- 6 || total
---------------------------+-------+-------++-------
   Fire: Sling             |    89 |    40 ||   129
    Use: Scroll            |     7 |       ||     7
         Potion            |     1 |       ||     1
 Armour: Robe              |     9 |       ||     9
         Leather armour    |       |    14 ||    14
  Dodge: Dodged            |    28 |    16 ||    44

Table legend:
 A = Non-vault XP
 B = Vault XP
 C = Vault XP percentage of total XP
 D = Non-vault monster count
 E = Vault monster count
 F = Vault count percentage of total count
                 A         B        C        D         E       F
            +---------+---------+-------+---------+---------+-------
      Total |      95 |      17 |  15.2 |      48 |       3 |   5.9
            +---------+---------+-------+---------+---------+-------
        D:1 |       8 |       0 |   0.0 |       6 |       0 |   0.0
        D:2 |      65 |       0 |   0.0 |      31 |       0 |   0.0
        D:3 |      22 |      17 |  43.6 |      11 |       3 |  21.4
            +---------+---------+-------+---------+---------+-------
